 Dungeon Crawl Stone Soup version 0.30-a0-1163-gf69bf04e7a (webtiles) character file.

Game seed: 4292971317915244278

1591101 ShnitzelX3 the Cryomancer (level 27, 224/224 HPs)
             Began as a Merfolk Conjurer on Apr 20, 2023.
             Was the Champion of Vehumet.
             Escaped with the Orb
             ... and 3 runes on Apr 28, 2023!
             The game lasted 05:39:23 (75688 turns).

ShnitzelX3 the Cryomancer (Merfolk Conjurer)       Turns: 75688, Time: 05:39:23

Health: 224/224    AC: 21    Str: 16    XL:     27
Magic:  45/48      EV: 22    Int: 25    God:    Vehumet [******]
Gold:   5427       SH: 17    Dex: 13    Spells: 2/60 levels left

rFire   + + .        a - staff of cold "Vaomal" {rElec rC+ rCorr SInv Stlth+}
rCold   + + +        O - +3 kite shield {reflect}
rNeg    + . .        Y - +4 troll leather armour {Snorg}
rPois   .            F - +2 helmet
rElec   +            j - +2 cloak {Stlth+}
rCorr   +            Q - +2 pair of gloves
SInv    +            L - +3 pair of mountain boots {steadfast, rC+}
Will    ++++.        T - amulet "Cinezoy" {Faith Rampage Will++ Slay-2 Stlth+}
Stlth   ++++         o - ring "Zatec" {rElec rF+ MP+9 Dex-3 Stlth+}
HPRegen 1.37/turn    v - ring of Godyj {rF+ rC++ rN+ Str+6}
MPRegen 0.31/turn

%: reflection, clarity, rampage, faith
@: studying Invocations
A: (nimble swimmer 2), mertail, iridescent scales 1, clarity, deformed body,
deterioration 1, low MP 1, passive freeze
0: Orb of Zot
}: 3/15 runes: barnacled, silver, gossamer
a: Renounce Religion


You escaped.
You worshipped Vehumet.
Vehumet was exalted by your worship.
You visited 9 branches of the dungeon, and saw 45 of its levels.
You also visited: Bailey and Wizlab.

You collected 10596 gold pieces.
You spent 5169 gold pieces at shops.

Inventory:

Hand Weapons
 b - a +9 demon trident of electrocution
 w - the +6 dagger "Merenk Icae" {speed, rF- Int+4 Dex+6}
   (You found it on level 5 of the Vaults)

   Int:       It affects your intelligence (+4).
   Dex:       It affects your dexterity (+6).
   rF:        It makes you vulnerable to fire.
Missiles
 g - 10 throwing nets
 q - 7 boomerangs of dispersal (quivered)
Armour
 j - a +2 cloak of stealth (worn)
 F - a +2 helmet (worn)
 L - the +3 pair of mountain boots (worn) {steadfast, rC+}
   (You found it on level 2 of the Spider Nest)

   Steadfast: It prevents involuntary movement, except for blinking,
   teleportation, or banishment.
   rC:        It protects you from cold.
 O - a +3 kite shield of reflection (worn)
 Q - a +2 pair of gloves (worn)
 Y - a +4 troll leather armour (worn) {Snorg}
Magical Staves
 a - the staff of cold "Vaomal" (weapon) {rElec rC+ rCorr SInv Stlth+}
   (You found it on level 5 of the Lair of Beasts)

   [staff of cold]

   Base accuracy: +5 Base damage: 5 Base attack delay: 1.2 This weapon's minimum
   attack delay (0.6) is reached at skill level 12.
   rC:        It protects you from cold.
   rElec:     It insulates you from electricity.
   SInv:      It lets you see invisible.
   rCorr:     It protects you from acid and corrosion.
   Stlth:     It makes you more stealthy.
   It falls into the 'Staves' category.
   It is a one-handed weapon.
Jewellery
 o - the ring "Zatec" (left hand) {rElec rF+ MP+9 Dex-3 Stlth+}
   (You acquired it on level 5 of the Dungeon)

   [ring of protection from fire]

   Dex:       It affects your dexterity (-3).
   rF:        It protects you from fire.
   rElec:     It insulates you from electricity.
   MP:        It affects your magic capacity (+9).
   Stlth:     It makes you more stealthy.
 s - the ring "Ricwist" {rN+ Will+ MP+9 Str+4}
   (You took it off a deep elf sorcerer on level 5 of the Vaults)

   [ring of magical power]

   Str:       It affects your strength (+4).
   rN:        It protects you from negative energy.
   MP:        It affects your magic capacity (+9).
   Will:      It increases your willpower.
 v - the ring of Godyj (right hand) {rF+ rC++ rN+ Str+6}
   (You found it on level 3 of the Depths)

   [ring of strength]

   Str:       It affects your strength (+6).
   rF:        It protects you from fire.
   rC:        It greatly protects you from cold.
   rN:        It protects you from negative energy.
 A - a ring of flight
 D - a ring of poison resistance
 E - a ring of protection from fire
 I - a ring of wizardry
 T - the amulet "Cinezoy" (around neck) {Faith Rampage Will++ Slay-2 Stlth+}
   (You found it on level 1 of the Orcish Mines)

   [amulet of faith]

   It allows you to gain divine favour quickly.
   Slay:      It affects your accuracy & damage with ranged weapons and melee
   (-2).
   Rampage:   It bestows one free step when moving towards enemies.
   Will:      It greatly increases your willpower.
   Stlth:     It makes you more stealthy.
Wands
 e - a wand of flame (109)
 y - a wand of acid (15)
 B - a wand of digging (6)
 U - a wand of paralysis (67)
 W - a wand of roots (26)
Scrolls
 c - 8 scrolls of fear
 d - 6 scrolls of poison
 h - 9 scrolls of butterflies
 i - 15 scrolls of teleportation
 l - 6 scrolls of vulnerability
 m - 12 scrolls of immolation
 u - a scroll of silence
 z - 10 scrolls of fog
 H - 3 scrolls of magic mapping
 X - a scroll of blinking
Potions
 f - a potion of heal wounds
 k - 2 potions of brilliance
 n - 4 potions of magic
 p - 17 potions of curing
 r - 6 potions of might
 t - 7 potions of attraction
 x - 2 potions of cancellation
 C - 4 potions of invisibility
 G - a potion of mutation
 J - a potion of resistance
 K - 9 potions of ambrosia
 N - 3 potions of haste
 S - 8 potions of berserk rage
 Z - 6 potions of flight
Miscellaneous
 M - a box of beasts
 P - a phial of floods
 R - a phantom mirror
 V - a tin of tremorstones (2/2)


   Skills:
 + Level 20.1 Fighting
 - Level 13.9 Polearms
 + Level 23.5 Dodging
 + Level 18.5 Stealth
 * Level 18.8 Shields
 + Level 17.3 Spellcasting
 - Level 6.8 Conjurations
 - Level 1.4 Translocations
 - Level 4.1 Transmutations
 + Level 24.9 Ice Magic
 + Level 13.0 Evocations


You had 2 spell levels left.
You knew the following spells:

 Your Spells              Type           Power      Damage    Failure   Level
a - Ozocubu's Armour      Ice            100%       N/A       0%          3
b - Polar Vortex          Ice            60%        N/A       4%          9
c - Ozocubu's Refrigerat  Ice            60%        4d20      1%          7
d - Summon Ice Beast      Ice/Summ       90%        N/A       1%          4
e - Stone Arrow           Conj/Erth      78%        3d11      1%          3
f - Irradiate             Conj/Tmut      24%        3d19      3%          5
g - Hailstorm             Conj/Ice       100%       3d20      0%          3
h - Frozen Ramparts       Ice            100%       1d16      0%          3
i - Iskenderun's Mystic   Conj/Tloc      42%        2d10      2%          4
j - Magic Dart            Conj           100%       1d8       1%          1
k - Yara's Violent Unrav  Hex/Tmut       16%        3d8       13%         5
l - Metabolic Englaciati  Hex/Ice        45%        N/A       1%          5
m - Simulacrum            Ice/Necr       45%        N/A       3%          6

Your spell library contained the following spells:

 Spells                   Type           Power      Damage    Failure   Level
 Lehudib's Crystal Spear  Conj/Erth      19%        10d6      100%        8
 Chain Lightning          Conj/Air       19%        3d25      100%        9
 Shatter                  Erth           11%        3d12*     100%        9
 Freeze                   Ice            100%       1d10      0%          1
 Beastly Appendage        Tmut           84%        N/A       1%          1
 Foxfire                  Conj/Fire      100%       2x1d9     1%          1
 Kiss of Death            Conj/Necr      100%       2d13      1%          1
 Sandblast                Erth           44%        2d11      1%          1
 Shock                    Conj/Air       100%       1d9       1%          1
 Ensorcelled Hibernation  Hex/Ice        100%       N/A       1%          2
 Searing Ray              Conj           100%       2d8       1%          2
 Wereblood                Tmut           42%        N/A       1%          2
 Apportation              Tloc           56%        N/A       2%          1
 Passwall                 Tmut/Erth      26%        N/A       2%          2
 Necrotise                Necr           84%        1d8       4%          1
 Summon Small Mammal      Summ           84%        N/A       4%          1
 Cigotuvi's Dreadful Rot  Necr/Pois/Air  42%        N/A       6%          2
 Sublimation of Blood     Necr           21%        N/A       6%          2
 Dazzling Flash           Conj/Hex       76%        N/A       1%          3
 Iskenderun's Battlesphe  Conj           54%        2d10      1%          5
 Volatile Blastmotes      Fire/Tloc      50%        2d14      2%          3
 Fulminant Prism          Conj/Hex       19%        3d10      2%          4
 Inner Flame              Hex/Fire       21%        N/A       3%          3
 Spider Form              Tmut/Pois      32%        N/A       5%          3
 Gell's Gravitas          Tloc           28%        N/A       7%          3
 Teleport Other           Tloc           28%        N/A       7%          3
 Arcjolt                  Conj/Air       19%        1d29      8%          5
 Fireball                 Conj/Fire      19%        3d9       8%          5
 Portal Projectile        Hex/Tloc       50%        N/A       10%         3
 Vhi's Electric Charge    Tloc/Air       50%        N/A       10%         3
 Airstrike                Air            10%        2d(2-18)  11%         4
 Call Canine Familiar     Summ           21%        N/A       12%         3
 Confusing Touch          Hex            21%        N/A       12%         3
 Summon Guardian Golem    Hex/Summ       21%        N/A       12%         3
 Swiftness                Air            21%        N/A       12%         3
 Tukima's Dance           Hex            21%        N/A       12%         3
 Petrify                  Tmut/Erth      32%        N/A       17%         4
 Passage of Golubria      Tloc           28%        N/A       22%         4
 Starburst                Conj/Fire      19%        6d7       36%         6
 Anguish                  Hex/Necr       10%        N/A       38%         4
 Animate Dead             Necr           21%        N/A       38%         4
 Dispel Undead            Necr           21%        3d11      38%         4
 Leda's Liquefaction      Hex/Erth       10%        N/A       38%         4
 Summon Lightning Spire   Summ/Air       21%        N/A       38%         4
 Orb of Destruction       Conj           27%        9d9       45%         7
 Summon Forest            Summ/Tloc      12%        N/A       65%         5
 Borgnjor's Vile Clutch   Necr/Erth      10%        N/A       75%         5
 Summon Mana Viper        Hex/Summ       21%        N/A       75%         5
 Plasma Beam              Fire/Air       10%        2x1d23    80%         6
 Spellforged Servitor     Conj/Summ      19%        N/A       88%         7
 Statue Form              Tmut/Erth      21%        N/A       95%         6
 Dispersal                Tloc           14%        N/A       98%         6
 Death Channel            Necr           10%        N/A       99%         6
 Summon Cactus Giant      Summ           10%        N/A       99%         6
 Enfeeble                 Hex            10%        N/A       100%        7
 Haunt                    Necr/Summ      10%        N/A       100%        7
 Malign Gateway           Summ/Tloc      12%        N/A       100%        7
 Monstrous Menagerie      Summ           10%        N/A       100%        7
 Storm Form               Tmut/Air       16%        N/A       100%        7
 Borgnjor's Revivificati  Necr           10%        N/A       100%        8
 Maxwell's Capacitive Co  Air            10%        ∞         100%        8
 Necromutation            Tmut/Necr      16%        N/A       100%        8
 Death's Door             Necr           10%        N/A       100%        9


Dungeon Overview and Level Annotations

Branches:
Dungeon (15/15)            Temple (1/1) D:5            Lair (5/5) D:9
 Shoals (4/4) Lair:2       Spider (4/4) Lair:3        Slime (0/5) Lair:5
    Orc (2/2) D:9             Elf (0/3) Orc:2        Vaults (5/5) D:13
  Crypt (0/3) Vaults:2     Depths (4/4) D:15            Zot (5/5) Depths:4
 Bailey (visited)          WizLab (visited)

Altars:
Cheibriados
Dithmenos
Elyvilon
Fedhas
Gozag
Hepliaklqana
Kikubaaqudgha
Okawaru
Qazlal
Sif Muna
Trog
Uskayaw
Vehumet
Wu Jian
Xom
The Shining One
Jiyva

Shops:
D:3 [   D:5 !*(:?   D:7 !   Orc:2 :[*!   Shoals:2 [?!*   Shoals:3 (
Vaults:2 :   Vaults:4 [   Vaults:5 (   Depths:2 (=!!?

Portals:
Hell: Depths:1 Depths:2 Depths:3 Depths:4
Abyss: Depths:3
Pandemonium: Depths:1 Depths:2
Ziggurat: Depths:3

Annotations:
D:2 1 runed translucent door, Crazy Yiuf
D:9 2 transporters, retardedninja's ghost, novice GnFE
D:14 Roxanne
Shoals:2 Mlioglotl
Shoals:3 Mara
Orc:2 Saint Roka
Vaults:4 1 exclusion, Sojobo
Depths:2 Josephina
Zot:2 1 runed translucent door, Jeanorph's ghost, legendary MiBe; Parghit


Innate Abilities, Weirdness & Mutations

((You are very nimble when in or above water. (Stealth+, EV+, Speed+++)))
Your lower body shifts to a powerful aquatic tail in water.
You are partially covered in iridescent scales. (AC +2)
You possess an exceptional clarity of mind.
Armour fits poorly on your strangely shaped body.
Your body sometimes deteriorates upon taking damage.
Your magical capacity is low. (-10% MP)
A frigid envelope surrounds you and freezes all who hurt you.


Message History

A great freezing vortex appears and lifts you up.
The tormentor closely misses you. You block the tormentor's attack.
Unknown command.
Casting: Polar Vortex (dangerous; 4% risk of failure)
Confirm with . or Enter, or press ? or * to list all spells.
Aiming: Stone Arrow (safe; 1% risk of failure)
Press: ? - help, Shift-Dir - straight line, f - tormentor
Aim: a tormentor (whirling frost, moderately wounded, 67% to hit)
The stone arrow hits the tormentor!!
The tormentor is almost dead.
You kill the tormentor!
Vehumet accepts your kill.
You feel your power returning.
Your magical contamination has completely faded away.
The winds around you start to calm down.
You float gracefully downwards.
You are engulfed in whirling frost.
The winds around you calm down.
Aiming: Dig
Press: ? - help, Shift-Dir - straight line A rock wall.
This square is covered in magical glow.
The rock shatters into small pieces.
There is a stone staircase leading up here.
You climb upwards.
There is a stone staircase leading down here.
Unknown command.
Aiming: Dig
Press: ? - help, Shift-Dir - straight line A rock wall.
This square is covered in magical glow.
The rock shatters into small pieces.
Aiming: Dig
Press: ? - help, Shift-Dir - straight line A rock wall.
This square is covered in magical glow.
The rock shatters into small pieces.
There is a staircase leading out of the dungeon here.
You can't go down here!
You have escaped!

...##...##....○§○§○....#####
...##...##.#...§..§..#.#
...##...##.#..#...#..#.#
.#.##...##.#.......(.#.#
.#.##......#.........#.#
.#.##.####.#..#...#..#.#
.#.##).###.#.........#.#
.#.##......#.........#.#
.#.###.###.#....@....#.#
.#.......#.###########.#
.#####.#.#.#....# #.# .#
#.#.#.#.##.# #.# .#
#.#'#...##.# #.# .#
#.....#.##.# #.# .#
#.....#.##.# #.# .#
#...>.#.##.# #.# .#
#.....#.##.# #.#


There were no monsters in sight!

Vanquished Creatures
  A pandemonium lord (D:13)
  A dread lich (Zot:5)
  2 ancient liches
  6 orbs of fire (Zot:5)
  Frederick (Vaults:5)
  4 Killer Klowns
  Margery (Vaults:2)
  A caustic shrike (Depths:2)
  4 curse toes
  Nikola (Spider:2)
  12 golden dragons
  3 bone dragons
  the Enchantress (Depths:3)
  Arachne (Spider:2)
  5 electric golems
  The ghost of Emoisch the Slayer, an adept MiFi of Okawaru (Zot:5)
  Rupert (D:15)
  11 tentacled monstrosities
  24 Orb Guardians
  4 liches
  7 titans
  7 quicksilver dragons
  Agnes (Spider:2)
  8 shadow dragons
  6 sphinxes
  2 thorn hunters (Depths:3)
  19 storm dragons
  Donald (Shoals:2)
  11 death cobs
  8 tengu reavers
  A draconian monk (Zot:5)
  The ghost of jasper the Stormcaller, an adept DgAE (Spider:1)
  The ghost of Qistryurr the Severer, a journeyman MiFi of Trog (Orc:1)
  6 draconian knights
  6 frost giants
  An emperor scorpion (shapeshifter) (Vaults:5)
  Ilsuiw (Shoals:2)
  An iron dragon (Vaults:5)
  13 fire giants
  11 ghost moths
  11 emperor scorpions
  2 deep elf sorcerers (Vaults:5)
  Louise (Spider:3)
  Aizul (Spider:2)
  5 draconian scorchers
  13 vault wardens
  3 orc warlords
  6 draconian shifters
  21 ironbound preservers
  7 war gargoyles
  7 stone giants
  44 very ugly things
  4 spriggan defenders
  5 draconian stormcallers
  3 draconian annihilators
  A vampire knight (Depths:2)
  5 ironbound thunderhulks
  3 broodmothers
  9 green draconians
  A deep elf annihilator (Vaults:5)
  A lorocyproca (D:3)
  Azrael (Orc:2)
  10 purple draconians
  9 yellow draconians
  13 dire elephants
  10 black draconians
  3 white draconians
  12 red draconians
  13 spark wasps
  Snorg (D:14)
  9 fire dragons
  A crystal guardian (Vaults:3)
  11 great orbs of eyes
  5 merfolk javelineers
  12 ettins
  14 entropy weavers
  A deep elf high priest (Vaults:5)
  11 yaktaur captains
  10 merfolk impalers
  Fannar (D:12)
  34 vault guards
  6 jorogumos
  9 ice dragons
  5 merfolk avatars
  2 rakshasas
  5 hydras
  2 ogre magi (Vaults:5)
  6 peacekeepers
  31 centaur warriors
  7 ironbound frosthearts
  8 two-headed ogres
  2 catoblepae (Lair:5)
  9 spriggan air magi
  8 radroaches
  8 merfolk aquamancers
  8 boulder beetles
  4 satyrs
  A dancing weapon (Orc:1)
  3 alligator snapping turtles
  8 deep troll shamans
  9 tengu warriors
  14 death yaks
  An orc high priest (Orc:2)
  8 spriggan berserkers
  7 deep troll earth magi
  2 spriggans
  A sun demon (Depths:2)
  15 hell knights
  Sonja (Orc:2)
  6 skeletal warriors (Vaults:2)
  6 pharaoh ants
  8 skysharks
  9 iron trolls
  A skyshark (shapeshifter) (Depths:3)
  4 sun moths
  13 sea snakes
  An orb spider (shapeshifter) (Vaults:5)
  64 deep trolls
  A glowing orange brain (Vaults:4)
  An orange crystal statue (Spider:2)
  2 flayed ghosts
  16 orb spiders
  Pikel (D:4)
  25 ironbound convokers
  10 lindwurms
  A deep elf pyromancer (D:15)
  13 wizards
  9 necromancers
  10 orc knights
  3 deep elf archers (Depths:3)
  43 harpies
  A deep elf zephyrmancer (Bailey)
  10 steelbarb worms
  3 phantasmal warriors
  18 wolf spiders
  48 ugly things
  A manticore (shapeshifter) (Depths:2)
  A shining eye (shapeshifter) (Vaults:5)
  7 cyclopes
  24 manticores
  24 fauns
  A tengu skeleton (Vaults:2)
  10 orc sorcerers
  2 fire giant skeletons
  3 salamanders (Depths:4)
  7 merfolk sirens
  A stone giant skeleton (Vaults:2)
  33 moths of wrath
  2 frost giant skeletons
  2 elephants (Lair:4)
  3 black mambas
  9 water nymphs
  6 torpor snails
  An orange demon (D:13)
  A yaktaur zombie (Vaults:1)
  12 cane toads
  Psyche (D:9)
  A smoke demon (Depths:1)
  An elf skeleton (Vaults:2)
  2 gargoyles
  27 vault sentinels
  6 demonic crawlers
  An unseen horror (D:13)
  A hellion (Depths:2)
  A rime drake (Lair:3)
  2 efreet
  A kobold demonologist (D:10)
  25 yaktaurs
  A tormentor (D:2)
  9 komodo dragons
  7 tengu conjurers
  36 merfolk
  3 human skeletons (Vaults:2)
  2 freezing wraiths
  A red devil (Depths:2)
  12 trolls
  A meliai (shapeshifter) (D:15)
  4 meliai
  A yaktaur skeleton (Vaults:1)
  4 wind drakes
  22 tarantellas
  A polar bear (shapeshifter) (Depths:4)
  A nameless horror (D:12)
  3 hellwings
  A wolf spider simulacrum (D:15)
  A hornet (shapeshifter) (D:9)
  12 blink frogs
  5 snapping turtles
  A tengu simulacrum (Depths:2)
  23 dream sheep
  8 hornets
  A dream sheep (shapeshifter) (Vaults:5)
  A fire giant simulacrum (Depths:2)
  2 ettin skeletons
  36 jumping spiders
  24 slime creatures
  Sigmund (D:2)
  A vampire (D:13)
  A shadow (D:12)
  21 water elementals
  5 wraiths
  A ynoxinul (Depths:1)
  2 fire elementals
  28 culicivoras
  26 humans
  4 wyverns
  3 basilisks
  2 steam dragons
  54 yaks
  3 hogs (Lair:4)
  A chaos spawn (Depths:2)
  A redback (shapeshifter) (Vaults:5)
  78 redbacks
  Menkaure (D:5)
  15 vampire mosquitoes
  7 wargs
  4 acid dragons
  Duvessa (D:4)
  5 hell hounds (Orc:2)
  6 water moccasins
  A floating eye (shapeshifter) (Vaults:5)
  26 orc warriors
  An ice beast (D:8)
  A spriggan simulacrum (Depths:2)
  6 ogres
  A sky beast (D:6)
  5 boggarts (D:14)
  7 wolves
  14 centaurs
  3 lemures
  6 kobold brigands
  17 bullfrogs
  6 gnoll sergeants
  2 scorpions
  8 wights
  Dowan (D:4)
  3 electric eels
  9 howler monkeys
  18 jellies
  7 hounds
  4 gnoll boudas
  21 orc priests
  3 iguanas
  41 orc wizards
  38 gnolls
  6 adders
  A shadow imp (D:6)
  2 white imps
  An ufetubus (D:3)
  2 worms
  86 orcs
  4 endoplasms
  2 giant cockroaches
  5 goblins
  2 hobgoblins (D:2)
  9 jackals
  A quokka (D:3)
  8 ball pythons
  5 bats
  A frilled lizard (D:2)
  38 kobolds
  5 rats
  A spectral goblin (D:7)
  20 briar patches (Depths:3)
  16 plants (Depths:3)
  A spectral weapon (Depths:3)
2226 creatures vanquished.

Vanquished Creatures (collateral kills)
  A Killer Klown (Zot:2)
  A golden dragon (Vaults:4)
  A tentacled monstrosity (Zot:2)
  Kirke (Lair:4)
  A draconian monk (Zot:2)
  A very ugly thing (Vaults:5)
  A green draconian (Zot:4)
  A red draconian (Zot:2)
  A yellow draconian (Zot:2)
  A purple draconian (Zot:2)
  2 spark wasps (Depths:4)
  A merfolk avatar (Shoals:4)
  A catoblepas (Lair:5)
  4 death yaks
  A salamander mystic (Depths:4)
  A deep troll (Vaults:1)
  A moth of wrath (Zot:2)
  A manticore (D:12)
  A salamander (Depths:4)
  A black mamba (Lair:5)
  An elephant (Lair:4)
  A demonic crawler (Spider:3)
  3 wind drakes
  A snapping turtle (Shoals:4)
  A dream sheep (Lair:4)
  A jumping spider (Spider:1)
  6 yaks
  2 water elementals (Depths:4)
  A redback (Spider:2)
41 creatures vanquished.

Vanquished Creatures (others)
  A fire giant (Depths:2)
  A spark wasp (Spider:1)
  A green death (Depths:1)
  A wizard (Vaults:4)
  A demonic crawler (Spider:1)
  3 tarantellas (Spider:1)
  4 jumping spiders (Spider:1)
  33 fungi
  358 plants
403 creatures vanquished.

Grand Total: 2670 creatures vanquished

Notes
Turn   | Place    | Note
-------+----------+-------------------------------------------
     0 | D:1      | ShnitzelX3 the Merfolk Conjurer began the quest for the
                  | Orb.
     0 | D:1      | Reached XP level 1. HP: 13/13 MP: 3/3
   390 | D:1      | You fall into a shaft and drop 1 floor!
   528 | D:2      | Reached XP level 2. HP: 19/19 MP: 5/5
   851 | D:1      | Learned a level 2 spell: Searing Ray
  1163 | D:1      | Reached skill level 1 in Polearms
  1268 | D:1      | Reached XP level 3. HP: 25/25 MP: 4/6
  1454 | D:2      | Reached skill level 1 in Fighting
  1686 | D:2      | Noticed Sigmund
  1856 | D:3      | Found a glowing golden altar of the Shining One.
  2030 | D:3      | Found Judentin's Antique Armour Boutique.
  2104 | D:3      | Reached XP level 4. HP: 31/32 MP: 0/7
  2211 | D:3      | Found an ornate altar of the Wu Jian Council.
  2449 | D:4      | Noticed Dowan
  2697 | D:4      | Reached XP level 5. HP: 32/38 MP: 4/9
  2924 | D:4      | Noticed Pikel
  2924 | D:4      | Noticed a lemure
  2924 | D:4      | Noticed a lemure
  2953 | D:5      | Entered Level 5 of the Dungeon
  2958 | D:5      | Killed a lemure
  3041 | D:5      | Noticed a centaur
  3047 | D:5      | Killed a centaur
  3048 | D:5      | Reached XP level 6. HP: 45/46 MP: 4/10
  3163 | D:5      | Learned a level 2 spell: Passwall
  3408 | D:5      | Found Lewasam's Magic Scroll Shop.
  3414 | D:5      | Found Atiom's Book Boutique.
  3414 | D:5      | Found an ancient bone altar of Kikubaaqudgha.
  3416 | D:5      | Bought a scroll of identify for 22 gold pieces
  3435 | D:5      | Learned a level 2 spell: Ensorcelled Hibernation
  3569 | D:5      | Found a staircase to the Ecumenical Temple.
  3591 | Temple   | Entered the Ecumenical Temple
  3646 | Temple   | Became a worshipper of Vehumet
  3940 | D:5      | Found a transporter.
  3943 | D:5      | Found Feituog's Assorted Antiques.
  3956 | D:5      | Noticed Menkaure
  3969 | D:5      | Found a transporter.
  4024 | D:5      | Reached skill level 5 in Dodging
  4024 | D:5      | Reached skill level 1 in Ice Magic
  4126 | D:5      | Killed Menkaure
  4127 | D:5      | Reached XP level 7. HP: 32/52 MP: 4/12
  4139 | D:5      | Reached skill level 2 in Ice Magic
  4226 | D:5      | Found Soeduob's Distillery.
  4238 | D:5      | Found Qabis's Weapon Shop.
  5033 | D:6      | Learned a level 3 spell: Stone Arrow
  5270 | D:6      | Reached skill level 3 in Ice Magic
  5486 | D:6      | Found a white marble altar of Elyvilon.
  5492 | D:6      | Reached XP level 8. HP: 60/60 MP: 6/13
  6041 | D:6      | Reached skill level 5 in Polearms
  6268 | D:6      | Reached skill level 4 in Ice Magic
  6592 | D:5      | Bought a book of Frost for 240 gold pieces
  6594 | D:5      | Learned a level 1 spell: Freeze
  6598 | D:5      | Learned a level 3 spell: Hailstorm
  7040 | D:4      | Noticed Duvessa
  7301 | D:2      | Found a runed translucent door.
  7302 | D:2      | Noticed Crazy Yiuf
  7380 | D:2      | Killed Sigmund
  7827 | D:6      | Reached skill level 5 in Ice Magic
  8026 | D:7      | Found Doloem's Distillery.
  8102 | D:7      | Reached XP level 9. HP: 66/66 MP: 12/15
  8339 | D:7      | Reached * piety under Vehumet
  8339 | D:7      | Offered knowledge of Kiss of Death by Vehumet.
  8497 | D:7      | Reached skill level 5 in Fighting
  8521 | D:7      | Reached skill level 6 in Ice Magic
  8834 | D:7      | Reached skill level 5 in Spellcasting
  8905 | D:7      | Found a hazy altar of Hepliaklqana.
  8974 | D:7      | Learned a level 3 spell: Frozen Ramparts
  9029 | D:8      | Noticed a two-headed ogre
  9101 | D:8      | Found a flagged portal.
  9120 | D:8      | Reached ** piety under Vehumet
  9194 | Bailey   | Entered a bailey
  9256 | Bailey   | Offered knowledge of Foxfire by Vehumet.
  9307 | Bailey   | Reached skill level 5 in Conjurations
  9514 | Bailey   | Found a large runed translucent door.
  9514 | Bailey   | Found a large runed translucent door.
  9515 | Bailey   | Noticed a deep elf zephyrmancer
  9515 | Bailey   | Noticed an orc knight
  9571 | Bailey   | Killed an orc knight
  9572 | Bailey   | Reached skill level 7 in Ice Magic
  9572 | Bailey   | Reached XP level 10. HP: 32/76 MP: 7/18
  9820 | Bailey   | Killed a deep elf zephyrmancer
  9834 | Bailey   | Identified the amulet "Obeahoill" {Spirit Dex+4}
 10158 | D:8      | Offered knowledge of Scorch by Vehumet.
 10190 | D:8      | Noticed a two-headed ogre
 10503 | D:9      | Noticed Psyche
 10516 | D:9      | Killed Psyche
 10516 | D:9      | Reached *** piety under Vehumet
 10517 | D:9      | Reached skill level 8 in Ice Magic
 10710 | D:9      | Offered knowledge of Inner Flame by Vehumet.
 11085 | D:9      | Reached **** piety under Vehumet
 11110 | D:9      | Found a staircase to the Orcish Mines.
 11201 | D:9      | Paralysed by a hornet for 2 turns
 11334 | D:9      | Found an iron altar of Okawaru.
 11377 | D:9      | Found a transporter.
 11411 | D:9      | Found a transporter.
 11416 | D:9      | Offered knowledge of Volatile Blastmotes by Vehumet.
 11417 | D:9      | Noticed a tengu warrior
 11421 | D:9      | Noticed retardedninja's ghost (novice GnFE)
 11427 | D:9      | Learned a level 4 spell: Iskenderun's Mystic Blast
 11427 | D:9      | Found a bloodstained altar of Trog.
 11449 | D:9      | Noticed a moth of wrath
 11455 | D:9      | Found a staircase to the Lair.
 11770 | D:10     | Entered Level 10 of the Dungeon
 11831 | D:10     | Noticed a two-headed ogre
 11845 | D:10     | Reached XP level 11. HP: 81/83 MP: 11/20
 11854 | D:10     | Reached skill level 9 in Ice Magic
 11982 | D:10     | Noticed a two-headed ogre
 11988 | D:10     | Killed a two-headed ogre
 12509 | D:4      | Killed Duvessa
 12724 | D:5      | Upgraded the game from 0.30-a0-1114-gd936c97349 to
                  | 0.30-a0-1124-g6e8f0f562f
 12907 | D:4      | Killed Pikel
 12955 | D:4      | Killed Dowan
 13155 | D:8      | Killed a two-headed ogre
 13271 | D:8      | Killed a two-headed ogre
 13511 | Lair:1   | Entered Level 1 of the Lair of Beasts
 13564 | Lair:1   | Reached skill level 10 in Ice Magic
 13821 | Lair:1   | Noticed a boulder beetle
 13862 | Lair:1   | Reached skill level 10 in Dodging
 14151 | Lair:2   | Noticed a skyshark
 14290 | Lair:2   | Reached XP level 12. HP: 75/92 MP: 18/22
 14516 | Lair:2   | Found a staircase to the Shoals.
 14522 | Lair:2   | Noticed an eight-headed hydra
 14681 | Orc:1    | Entered Level 1 of the Orcish Mines
 14684 | Orc:1    | Noticed an orc warlord
 15201 | D:9      | Killed an orc warlord
 15202 | D:9      | Reached skill level 10 in Polearms
 15202 | D:9      | Reached skill level 11 in Ice Magic
 15322 | Orc:1    | Reached skill level 1 in Translocations
 15451 | Orc:1    | Reached ***** piety under Vehumet
 15471 | Orc:1    | Offered knowledge of Fireball by Vehumet.
 15722 | D:5      | Bought a scroll of acquirement for 572 gold pieces
 15723 | D:5      | Acquired 702 gold pieces
 15726 | D:5      | Bought a scroll of acquirement for 572 gold pieces
 15727 | D:5      | Acquired the ring "Zatec" {rElec rF+ MP+9 Dex-3 Stlth+}
 15734 | D:5      | Acquired 1275 gold pieces
 15743 | D:5      | Bought a book of Ice for 600 gold pieces
 15752 | D:5      | Learned a level 7 spell: Ozocubu's Refrigeration
 16098 | Lair:2   | Reached skill level 1 in Shields
 16866 | Lair:3   | Found a hole to the Spider Nest.
 17211 | Lair:4   | Reached skill level 12 in Ice Magic
 17262 | Lair:4   | Found a shimmering blue altar of Sif Muna.
 17280 | Lair:4   | Reached XP level 13. HP: 101/101 MP: 22/25
 17605 | Lair:4   | Upgraded the game from 0.30-a0-1124-g6e8f0f562f to
                  | 0.30-a0-1157-g2cc9ac7196
 18143 | Orc:1    | Found a runed translucent door.
 18143 | Orc:1    | Found a shimmering altar of Xom.
 18143 | Orc:1    | Noticed Qistryurr's ghost (journeyman MiFi)
 18262 | Orc:1    | Offered knowledge of Lee's Rapid Deconstruction by Vehumet.
 18482 | Orc:2    | Entered Level 2 of the Orcish Mines
 18482 | Orc:2    | Noticed Sonja
 18486 | Orc:2    | Killed Sonja
 18761 | Orc:2    | Noticed Saint Roka
 18941 | Orc:2    | Found a staircase to the Elven Halls.
 19107 | Orc:2    | Noticed Azrael
 19112 | Orc:2    | Killed Azrael
 19308 | Orc:2    | Reached skill level 13 in Ice Magic
 19333 | Orc:2    | Paralysed by an orc sorcerer for 5 turns
 19614 | Orc:2    | Found Teceway's Book Emporium.
 19614 | Orc:2    | Found Pastywus's Armour Shop.
 19830 | Orc:2    | Bought a book of Beasts for 684 gold pieces
 19835 | Orc:2    | Learned a level 4 spell: Summon Ice Beast
 19880 | Orc:2    | Found Jeotz's Distillery.
 19881 | Orc:2    | Found Cazieluuz's General Store.
 19882 | Orc:2    | Offered knowledge of Freezing Cloud by Vehumet.
 19894 | Orc:2    | Bought a potion of haste for 120 gold pieces
 20650 | Lair:4   | Reached skill level 10 in Fighting
 21140 | Lair:4   | Identified the +0 robe of Gishi {Regen+}
 21192 | Lair:4   | Reached XP level 14. HP: 106/110 MP: 14/26
 21407 | Lair:4   | Reached skill level 5 in Shields
 22247 | Lair:5   | Entered Level 5 of the Lair of Beasts
 22250 | Lair:5   | Reached skill level 14 in Ice Magic
 22405 | Lair:5   | Found a viscous altar of Jiyva.
 22406 | Lair:5   | Found a staircase to the Slime Pits.
 22417 | Lair:5   | Offered knowledge of Irradiate by Vehumet.
 22786 | D:5      | Bought a scroll of blinking for 82 gold pieces
 22786 | D:5      | Bought a scroll of identify for 22 gold pieces
 23299 | Lair:4   | Noticed Kirke
 23565 | Lair:4   | Killed Kirke
 24175 | D:5      | Bought Ozocubu's Autobiography for 288 gold pieces
 24179 | D:5      | Learned a level 3 spell: Ozocubu's Armour
 25245 | Lair:5   | Reached XP level 15. HP: 60/118 MP: 10/28
 25912 | Lair:5   | Identified the staff of cold "Vaomal" {rElec rC+ rCorr SInv
                  | Stlth+}
 26137 | D:11     | Reached skill level 15 in Ice Magic
 26288 | D:11     | Identified the +1 robe "Siplutee" {rN+}
 26810 | D:11     | Upgraded the game from 0.30-a0-1157-g2cc9ac7196 to
                  | 0.30-a0-1160-g6e42c06551
 27114 | D:12     | Noticed Fannar
 27151 | D:12     | Killed Fannar
 27687 | D:12     | Found a shadowy altar of Dithmenos.
 27694 | D:12     | Offered knowledge of Spellforged Servitor by Vehumet.
 28428 | D:13     | Reached skill level 10 in Spellcasting
 28443 | D:13     | Gained mutation: Your flesh is heat resistant. (rF+)
                  | [potion of mutation]
 28443 | D:13     | Gained mutation: Your flesh is cold resistant. (rC+)
                  | [potion of mutation]
 29115 | D:13     | Found a gate to the Vaults.
 29620 | D:14     | Identified the +0 scale mail of Fimas {Drain +Inv Str+3
                  | Dex+3}
 29625 | D:14     | Noticed Roxanne
 29798 | D:14     | Identified the +3 sling "Ybrusyr" {drain, Str+3}
 30224 | D:14     | Noticed Snorg
 30227 | D:14     | Killed Snorg
 30228 | D:14     | Reached skill level 16 in Ice Magic
 30249 | D:14     | Reached XP level 16. HP: 113/127 MP: 5/30
 30847 | D:15     | Entered Level 15 of the Dungeon
 30890 | D:15     | Offered knowledge of Conjure Ball Lightning by Vehumet.
 31528 | D:15     | Noticed Rupert
 32011 | D:10     | Identified the +2 falchion "Paeh" {holy, rPois Str+4}
 32315 | Shoals:1 | Entered Level 1 of the Shoals
 32715 | Shoals:1 | Reached skill level 5 in Stealth
 32902 | Shoals:1 | Reached skill level 15 in Dodging
 33304 | Shoals:1 | Reached skill level 17 in Ice Magic
 33432 | Shoals:1 | Found an ancient bone altar of Kikubaaqudgha.
 34010 | Shoals:1 | Offered knowledge of Plasma Beam by Vehumet.
 34260 | Shoals:2 | Noticed Donald
 34657 | Shoals:2 | Killed Donald
 34819 | Shoals:2 | Found Qokheb's Armour Boutique.
 35042 | Shoals:2 | Noticed Ilsuiw
 35045 | Shoals:2 | Reached XP level 17. HP: 135/135 MP: 32/32
 35047 | Shoals:2 | Killed Ilsuiw
 35220 | Shoals:2 | Found Vegy's Distillery.
 35226 | Shoals:2 | Found Memm's Magic Scroll Shoppe.
 35228 | Shoals:2 | Bought a potion of heal wounds for 50 gold pieces
 35228 | Shoals:2 | Bought a potion of heal wounds for 50 gold pieces
 35228 | Shoals:2 | Bought a potion of haste for 100 gold pieces
 35243 | Shoals:2 | Bought a scroll of blinking for 97 gold pieces
 35331 | Shoals:2 | Noticed a titan
 35425 | Shoals:2 | Noticed Mlioglotl
 35537 | Shoals:2 | Found Wutzaphe's Whimsical Warehouse.
 36333 | Shoals:3 | Reached skill level 18 in Ice Magic
 36830 | Shoals:3 | Noticed Mara
 36839 | Shoals:3 | Noticed ShnitzelX3's illusion
 37251 | Shoals:3 | Reached ****** piety under Vehumet
 37422 | Shoals:3 | Found Zatrij's Antique Weapon Shop.
 37879 | Shoals:3 | Noticed ShnitzelX3's illusion
 37912 | Shoals:4 | Entered Level 4 of the Shoals
 37975 | Shoals:4 | Offered knowledge of Lehudib's Crystal Spear by Vehumet.
 37975 | Shoals:4 | Offered knowledge of Shatter by Vehumet.
 37975 | Shoals:4 | Offered knowledge of Chain Lightning by Vehumet.
 37977 | Shoals:4 | Reached XP level 18. HP: 117/145 MP: 24/34
 38007 | Shoals:4 | Got a barnacled rune of Zot
 38286 | Shoals:4 | Got the Folio of Ethics
 38407 | Shoals:4 | Identified the +0 sling of Oily Judgement {elec, rPois
                  | Will+ Int-3 SInv}
 38656 | Shoals:4 | Reached skill level 19 in Ice Magic
 38903 | Shoals:4 | Acquired 801 gold pieces
 38924 | Shoals:4 | Acquired 757 gold pieces
 39194 | Shoals:4 | Identified the +7 whip of the Transparent God {heavy, rPois
                  | Will- rCorr Int+5}
 39572 | Shoals:2 | Killed a titan
 39666 | Lair:2   | Learned a level 9 spell: Polar Vortex
 39809 | Spider:1 | Entered Level 1 of the Spider Nest
 39866 | Spider:1 | Gained mutation: You sometimes lose your temper in combat.
                  | [mutagenic glow]
 40696 | Spider:1 | Found a runed translucent gate.
 40697 | Spider:1 | Found a runed translucent gate.
 41114 | Spider:1 | Found a runed translucent gate.
 41807 | Spider:1 | Noticed jasper's ghost (adept DgAE)
 41853 | Spider:1 | Reached skill level 10 in Stealth
 42163 | Spider:2 | Found a transporter.
 42164 | Spider:2 | Found the +3 pair of mountain boots {steadfast, rC+}
 42174 | Spider:2 | Identified the +7 plate armour "Fuqaba" {*Slow rCorr Str+2
                  | Dex+5}
 42185 | Spider:2 | Noticed Aizul
 42197 | Spider:2 | Killed Aizul
 42342 | Spider:2 | Found a transporter.
 42551 | Spider:2 | Noticed Nikola
 42591 | Spider:2 | Noticed Agnes
 42716 | Spider:2 | Killed Nikola
 42726 | Spider:2 | Noticed Arachne
 42921 | Spider:2 | Killed Arachne
 43193 | Spider:2 | Killed Agnes
 43362 | Spider:3 | Reached skill level 20 in Ice Magic
 43362 | Spider:3 | Reached XP level 19. HP: 153/153 MP: 35/35
 43502 | Spider:3 | Noticed Louise
 43760 | Spider:3 | Killed Louise
 44469 | Spider:4 | Entered Level 4 of the Spider Nest
 45263 | Spider:3 | Reached skill level 15 in Fighting
 46883 | Spider:4 | Reached skill level 1 in Evocations
 47875 | Spider:4 | Lost mutation: Your flesh is heat resistant. (rF+) [potion
                  | of mutation]
 47875 | Spider:4 | Lost mutation: Your flesh is cold resistant. (rC+) [potion
                  | of mutation]
 47875 | Spider:4 | Gained mutation: Your muscles are strong. (Str +4, Int/Dex
                  | -1) [potion of mutation]
 47875 | Spider:4 | Lost mutation: You sometimes lose your temper in combat.
                  | [potion of mutation]
 48527 | Spider:4 | Reached skill level 21 in Ice Magic
 48873 | Spider:4 | Reached XP level 20. HP: 153/163 MP: 0/37
 49011 | Spider:4 | Got a gossamer rune of Zot
 49679 | Orc:1    | Killed Qistryurr's ghost
 49683 | Orc:1    | Identified the amulet "Cinezoy" {Faith Rampage Will++
                  | Slay-2 Stlth+}
 49882 | D:3      | Bought a wizard robe for 142 gold pieces
 49882 | D:3      | Identified the +1 robe "Weadghuw" {Str+4} (You bought it in
                  | a shop on level 3 of the Dungeon)
 50073 | Vaults:1 | Entered Level 1 of the Vaults
 52118 | Vaults:2 | Noticed Margery
 52596 | Vaults:2 | Killed Margery
 52787 | Vaults:2 | Reached skill level 5 in Evocations
 53101 | Vaults:2 | Found Jenuuppu's Book Boutique.
 53122 | Vaults:2 | Reached XP level 21. HP: 171/171 MP: 38/38
 53129 | Vaults:2 | Learned a level 5 spell: Yara's Violent Unravelling
 53426 | Vaults:2 | Reached skill level 1 in Transmutations
 54077 | Vaults:2 | Found a staircase to the Crypt.
 54283 | Vaults:3 | Reached skill level 22 in Ice Magic
 54392 | Vaults:3 | Reached skill level 10 in Shields
 54828 | Vaults:3 | Identified the amulet of Naidurro {Acrobat Rampage rElec
                  | Dex-3}
 56021 | Vaults:4 | Noticed Sojobo
 56085 | Vaults:4 | Reached XP level 22. HP: 178/180 MP: 40/40
 56207 | Vaults:4 | Found a magical portal.
 56212 | WizLab   | Entered Wucad Mu's Monastery
 56630 | Vaults:4 | Found Icill's Antique Armour Shoppe.
 56638 | Vaults:4 | Bought a pair of glowing boots for 277 gold pieces
 57300 | Vaults:4 | Upgraded the game from 0.30-a0-1160-g6e42c06551 to
                  | 0.30-a0-1163-gf69bf04e7a
 57308 | Vaults:5 | Entered Level 5 of the Vaults
 57446 | Vaults:5 | Reached XP level 23. HP: 141/183 MP: 17/41
 57948 | Vaults:5 | Noticed Frederick
 57952 | Vaults:5 | Noticed a golden dragon
 57954 | Vaults:5 | Killed Frederick
 57955 | Vaults:5 | Reached skill level 15 in Spellcasting
 57974 | Vaults:4 | Killed a golden dragon
 58326 | Vaults:5 | Found Yptes Xaj's Weapon Shoppe.
 58426 | Vaults:5 | Noticed an ancient lich
 58428 | Vaults:5 | Reached skill level 23 in Ice Magic
 58433 | Vaults:5 | Killed an ancient lich
 58527 | Vaults:5 | Identified the +0 plate armour "Ovipn" {Rampage +Blink
                  | rElec Dex-4}
 58531 | Vaults:5 | Identified the +2 hand axe "Zaezeseu" {protect, *Rage rC-
                  | rN+++ Int+2}
 58813 | Vaults:5 | Identified the ring "Ricwist" {rN+ Will+ MP+9 Str+4}
 58821 | Vaults:5 | Reached skill level 15 in Stealth
 59050 | Vaults:5 | Noticed a golden dragon
 59062 | Vaults:5 | Killed a golden dragon
 59179 | Vaults:5 | Identified the +0 spear of Peril {heavy, Contam rElec Will+
                  | Str+4}
 59244 | Vaults:5 | Got a silver rune of Zot
 59364 | Vaults:5 | Identified the +6 dagger "Merenk Icae" {speed, rF- Int+4
                  | Dex+6}
 59780 | D:15     | Killed Rupert
 59961 | D:15     | Found a staircase to the Depths.
 60310 | Depths:1 | Entered Level 1 of the Depths
 60591 | Depths:1 | Found a stormy altar of Qazlal.
 60883 | Depths:1 | Found an iron altar of Okawaru.
 61140 | Depths:1 | Reached XP level 24. HP: 197/197 MP: 37/42
 61212 | Depths:1 | Found a gateway to Hell.
 61415 | Depths:1 | Found a one-way gate leading to the halls of Pandemonium.
 61480 | Depths:2 | Found a hide-covered altar of Uskayaw.
 61585 | Depths:2 | Noticed a caustic shrike
 61772 | Depths:2 | Found Typh's Antique Weapon Shop.
 61979 | Depths:2 | Killed a caustic shrike
 61995 | Depths:2 | Identified the +0 leather armour of Leaves {Will+ Regen+
                  | Slay+2}
 62084 | Depths:2 | Identified the +5 chain mail of Eternity {Drain Dex+3
                  | Slay+5}
 62153 | Depths:2 | Found Uluip's Distillery.
 62314 | Depths:2 | Found Doc Ilar's Distillery.
 62317 | Depths:2 | Found Lelevosu's Jewellery Shop.
 62319 | Depths:2 | Bought a potion of haste for 190 gold pieces
 62319 | Depths:2 | Bought a potion of curing for 57 gold pieces
 62319 | Depths:2 | Bought a potion of mutation for 152 gold pieces
 62322 | Depths:2 | Bought a potion of heal wounds for 90 gold pieces
 62322 | Depths:2 | Bought a potion of haste for 180 gold pieces
 62322 | Depths:2 | Bought a potion of curing for 54 gold pieces
 62322 | Depths:2 | Bought a potion of curing for 54 gold pieces
 62322 | Depths:2 | Bought a potion of cancellation for 144 gold pieces
 62416 | Depths:2 | Identified the ring "Sustruoj" {Ice Str+3 Int+2}
 62416 | Depths:2 | Noticed Josephina
 62610 | Depths:2 | Found Uxkuseak's Magic Scroll Emporium.
 62617 | Depths:2 | Bought a scroll of teleportation for 66 gold pieces
 63198 | Depths:2 | Reached skill level 15 in Shields
 63204 | Depths:2 | Learned a level 5 spell: Metabolic Englaciation
 63211 | Depths:2 | Learned a level 6 spell: Simulacrum
 63295 | Depths:3 | Reached skill level 10 in Evocations
 63860 | Depths:3 | Found a one-way gate to the infinite horrors of the Abyss.
 63864 | Depths:3 | Noticed the Enchantress
 64031 | Depths:3 | Found a one-way gateway to a ziggurat.
 64316 | Depths:3 | Killed the Enchantress
 64449 | Depths:3 | Got Advanced Steps in Ritual Knowledge
 64454 | Depths:3 | Identified the ring of Godyj {rF+ rC++ rN+ Str+6}
 64607 | Depths:3 | Found an ancient bone altar of Kikubaaqudgha.
 64770 | Depths:4 | Entered Level 4 of the Depths
 64929 | Depths:4 | Reached XP level 25. HP: 204/205 MP: 39/42
 65199 | Depths:4 | Found a gate to the Realm of Zot.
 65843 | Zot:1    | Entered Level 1 of the Realm of Zot
 66527 | Zot:1    | Identified the +2 scale mail "Ineliysm" {MP+9 Str+3 Int-2}
 67230 | Zot:2    | Reached skill level 24 in Ice Magic
 67241 | Zot:2    | Noticed a Killer Klown
 67244 | Zot:2    | Killed a Killer Klown
 67338 | Zot:2    | Noticed Parghit
 67443 | Zot:2    | Found a runed translucent door.
 67443 | Zot:2    | Found a shimmering altar of Xom.
 67443 | Zot:2    | Noticed Jeanorph's ghost (legendary MiBe)
 67825 | Spider:2 | Identified the +6 mace "Zoanu" {flame, Int+4}
 67899 | Spider:1 | Gained mutation: Your magical capacity is low. (-10% MP)
                  | [mutagenic glow]
 67907 | Spider:1 | Killed jasper's ghost
 67923 | Spider:1 | Gained mutation: You are vulnerable to cold. (rC-)
                  | [mutagenic glow]
 67926 | Spider:1 | Lost mutation: Your muscles are strong. (Str +4, Int/Dex
                  | -1) [potion of mutation]
 67926 | Spider:1 | Lost mutation: You are vulnerable to cold. (rC-) [potion of
                  | mutation]
 67926 | Spider:1 | Gained mutation: Your muscles are strong. (Str +4, Int/Dex
                  | -1) [potion of mutation]
 67926 | Spider:1 | Gained mutation: You expend magic power (3 MP) to
                  | strengthen your wands. [potion of mutation]
 67927 | Spider:1 | Lost mutation: Your muscles are strong. (Str +4, Int/Dex
                  | -1) [potion of mutation]
 67927 | Spider:1 | Lost mutation: You expend magic power (3 MP) to strengthen
                  | your wands. [potion of mutation]
 67927 | Spider:1 | Lost mutation: Your magical capacity is low. (-10% MP)
                  | [potion of mutation]
 67927 | Spider:1 | Gained mutation: Your muscles are strong. (Str +4, Int/Dex
                  | -1) [potion of mutation]
 67927 | Spider:1 | Gained mutation: You are partially covered in iridescent
                  | scales. (AC +2) [potion of mutation]
 67927 | Spider:1 | Gained mutation: You are clumsy. (Dex -2) [potion of
                  | mutation]
 67927 | Spider:1 | Gained mutation: Your system is resistant to poisons.
                  | (rPois) [potion of mutation]
 67962 | Spider:1 | Identified the +2 pair of boots of Patience {Rampage rPois
                  | rF- Int-3}
 69386 | Zot:3    | Reached XP level 26. HP: 82/215 MP: 18/43
 70165 | Zot:3    | Identified the +7 hand axe "Ukehamou" {chaos, Int+4}
 70169 | Zot:3    | Identified the +6 long sword "Beastslayer" {heavy, Str+2}
 70444 | Depths:2 | Learned a level 5 spell: Irradiate
 70557 | Zot:4    | Noticed a Killer Klown
 70867 | Zot:4    | Killed a Killer Klown
 71603 | Zot:5    | Entered Level 5 of the Realm of Zot
 71998 | Zot:5    | Noticed Emoisch's ghost (adept MiFi)
 72001 | Zot:5    | Found a runed translucent gate.
 72001 | Zot:5    | Found a runed translucent gate.
 72001 | Zot:5    | Found a runed translucent gate.
 72509 | Zot:5    | Identified the +4 pair of gloves "Vapn" {rElec Will- Int+2}
 72512 | Zot:5    | Identified the +1 buckler of Dishonour {SInv}
 72517 | Zot:5    | Got the Essays on Cadavers
 72554 | Zot:5    | Killed Emoisch's ghost
 72976 | Zot:5    | Noticed an orb of fire
 72981 | Zot:5    | Noticed an orb of fire
 72983 | Zot:5    | Noticed an orb of fire
 72985 | Zot:5    | Gained mutation: Your spells are a little easier to cast,
                  | but a little less powerful. [an orb of fire]
 72986 | Zot:5    | Gained mutation: You are occasionally teleported next to
                  | monsters. [an orb of fire]
 72988 | Zot:5    | Noticed a Killer Klown
 72990 | Zot:5    | Killed an orb of fire
 72991 | Zot:5    | Noticed an orb of fire
 72993 | Zot:5    | Killed an orb of fire
 72996 | Zot:5    | Noticed an orb of fire
 72998 | Zot:5    | Noticed a Killer Klown
 73256 | Zot:5    | Lost mutation: Your spells are a little easier to cast, but
                  | a little less powerful. [potion of mutation]
 73256 | Zot:5    | Lost mutation: You are clumsy. (Dex -2) [potion of
                  | mutation]
 73256 | Zot:5    | Lost mutation: You are occasionally teleported next to
                  | monsters. [potion of mutation]
 73256 | Zot:5    | Gained mutation: A frigid envelope surrounds you and
                  | freezes all who hurt you. [potion of mutation]
 73291 | Zot:5    | Killed a Killer Klown
 73398 | Zot:5    | Killed a Killer Klown
 73398 | Zot:5    | Gained mutation: You occasionally shout uncontrollably at
                  | your foes. [an orb of fire]
 73399 | Zot:5    | Reached XP level 27. HP: 82/223 MP: 36/44
 73400 | Zot:5    | Killed an orb of fire
 73401 | Zot:5    | Killed an orb of fire
 73450 | Zot:5    | Gained mutation: You sometimes lose your temper in combat.
                  | [an orb of fire]
 73597 | Zot:5    | Gained mutation: You are occasionally teleported next to
                  | monsters. [an orb of fire]
 73598 | Zot:5    | Gained mutation: You are frail. (-10% HP) [an orb of fire]
 73600 | Zot:5    | Gained mutation: You have hidden genetic defects. [an orb
                  | of fire]
 73602 | Zot:5    | Killed an orb of fire
 73722 | Zot:5    | Lost mutation: You occasionally shout uncontrollably at
                  | your foes. [potion of mutation]
 73722 | Zot:5    | Lost mutation: Your system is resistant to poisons. (rPois)
                  | [potion of mutation]
 73722 | Zot:5    | Lost mutation: Your muscles are strong. (Str +4, Int/Dex
                  | -1) [potion of mutation]
 73722 | Zot:5    | Lost mutation: You are occasionally teleported next to
                  | monsters. [potion of mutation]
 73722 | Zot:5    | Gained mutation: You are mostly covered in iridescent
                  | scales. (AC +4) [potion of mutation]
 73723 | Zot:5    | Lost mutation: You have hidden genetic defects. [potion of
                  | mutation]
 73723 | Zot:5    | Lost mutation: You sometimes lose your temper in combat.
                  | [potion of mutation]
 73723 | Zot:5    | Gained mutation: You are occasionally teleported next to
                  | monsters. [potion of mutation]
 73723 | Zot:5    | Gained mutation: Your body sometimes deteriorates upon
                  | taking damage. [potion of mutation]
 73723 | Zot:5    | Gained mutation: You have hidden genetic potential. [potion
                  | of mutation]
 74067 | D:5      | Bought a potion of mutation for 88 gold pieces
 74067 | D:5      | Bought a potion of mutation for 88 gold pieces
 74067 | D:5      | Bought a potion of mutation for 88 gold pieces
 74067 | D:5      | Lost mutation: You are frail. (-10% HP) [potion of
                  | mutation]
 74067 | D:5      | Lost mutation: You are mostly covered in iridescent scales.
                  | (AC +4) [potion of mutation]
 74067 | D:5      | Gained mutation: Armour fits poorly on your strangely
                  | shaped body. [potion of mutation]
 74067 | D:5      | Gained mutation: You are resistant to electric shocks.
                  | (rElec) [potion of mutation]
 74068 | D:5      | Lost mutation: You have hidden genetic potential. [potion
                  | of mutation]
 74068 | D:5      | Lost mutation: You are resistant to electric shocks.
                  | (rElec) [potion of mutation]
 74068 | D:5      | Lost mutation: You are occasionally teleported next to
                  | monsters. [potion of mutation]
 74068 | D:5      | Gained mutation: You have an increased reservoir of magic.
                  | (+10% MP) [potion of mutation]
 74068 | D:5      | Gained mutation: You possess an exceptional clarity of
                  | mind. [potion of mutation]
 74748 | Zot:5    | Noticed an ancient lich
 74754 | Zot:5    | Killed an ancient lich
 75029 | Zot:5    | Noticed an orb of fire
 75034 | Zot:5    | Noticed a dread lich
 75035 | Zot:5    | Lost mutation: You have an increased reservoir of magic.
                  | (+10% MP) [an orb of fire]
 75041 | Zot:5    | Gained mutation: Your magical capacity is low. (-10% MP)
                  | [an orb of fire]
 75051 | Zot:5    | Killed an orb of fire
 75052 | Zot:5    | Killed a dread lich
 75226 | Zot:5    | Got the Orb of Zot
 75239 | Zot:5    | Noticed Laufra the pandemonium lord
 75244 | Zot:5    | Noticed Tupp the pandemonium lord
 75453 | D:13     | Noticed Fiykoiqeuf the pandemonium lord
 75466 | D:13     | Killed Fiykoiqeuf the pandemonium lord
 75517 | D:11     | Noticed Quched the pandemonium lord
 75565 | D:7      | Noticed Cucrupse the pandemonium lord
 75688 | D:$      | Escaped with the Orb!

Illustrated notes

Levels and vault maps discovered:
D:1:      shiori_arrival_oz, layout_basic
D:2:      layout_loops_corners, minmay_misc_feat_x, minmay_tiny_reverse_x,
          uniq_crazy_yiuf_cottage, uniq_sigmund
D:3:      layout_rooms, amcnicky_altar_gilded,
          mainiacjoe_overflow_six_doors_small, serial_shops, shop
D:4:      layout_loops_ring, uniq_pikel, uniq_duvessa
D:5:      layout_basic, mainiacjoe_overflow_cross_hatched,
          minmay_temple_entry_gardened_gates, serial_shops, shop, shop_statue,
          nicolae_shop_drivethru, shop, shop, uniq_menkaure
D:6:      layout_loops_corners, nicolae_elyvilon_temple_path, hex_large
D:7:      layout_cave_pools, nicolae_hepliaklqana_monster_ancestors,
          serial_gnoll_camp, gnoll_camp_huts_basic, gnoll_camp_mini_shop,
          gnoll_camp_mini_house, gnoll_camp_mini_loothouse, gnoll_camp_mini_hut
D:8:      layout_basic, enter_bailey_2
D:9:      layout_basic, kennysheep_mini_moat, lair_entry_dummy, david_orc_5,
          gammafunk_ghost_wrathful_warriors, uniq_psyche
D:10:     cheibrodos_fzero, layout_long_grid, minmay_misc_feat_chi,
          kennysheep_generic_room_3
D:11:     layout_basic, abandoned_shop
D:12:     layout_basic, grunt_decor_arrowhead, fountainhead,
          grunt_dithmenos_shadows, uniq_fannar
D:13:     layout_basic, grunt_vaults_entry_tiered, st_stairs_10
D:14:     layout_basic, chequers_avenue, uniq_snorg, uniq_roxanne
D:15:     hangedman_depths_entry_civil_slaughter, layout_loops_cross, drop_trap,
          minmay_fractal_squares_gapless_7, uniq_rupert
Temple:   nicolae_temple_slightly_damp_pantheon
Lair:1:   layout_loops_ring, nicolae_lair_lil_pond,
          hellmonk_guarded_unrand_seven_league_boots, serial_bayou_shore_a
Lair:2:   layout_cave_pods, elwin_shoals_entry_rocks, beast_lair_carwin_11,
          infiniplex_staircase_pool_2, grunt_megastairs_3
Lair:3:   layout_cave_pods, spider_nest_entry_rubble, infiniplex_staircase_pool
Lair:4:   slaughterhouse, layout_cave_pods, basic_altar, lemuel_fruit_fields,
          uniq_kirke
Lair:5:   evilmike_catoblepas_cave, layout_regular_city,
          minmay_slime_entry_jelly_boxes
Shoals:1: layout_shoals, nicolae_shoals_stone_sculpture_thing,
          lemuel_centaur_altar
Shoals:2: cheibrodos_shoals_gigantism, layout_shoals, serial_shops, shop, shop,
          nicolae_shop_crystal, nicolae_shoals_lost_giant_amphitheater,
          nicolae_alphabet_shops, nzn_prometheus_bound, uniq_mlioglotl,
          uniq_ilsuiw, uniq_donald
Shoals:3: layout_shoals, serial_shops, shop_fountains,
          nicolae_shoals_isolated_beach, uniq_mara
Shoals:4: shoals_end_simple, layout_shoals, shoals_ilsuiw_ice
Spider:1: layout_chambers, gammafunk_ghost_tricky_traps,
          spiders_nest_hornet_nest
Spider:2: gammafunk_sealed_arena, uniq_nikola, uniq_arachne, uniq_agnes,
          uniq_aizul
Spider:3: nicolae_spider_hilbert_zone_3 [nicolae_spider_hilbert_4_sides_2_open,
          nicolae_spider_hilbert_3_sides_1_open,
          nicolae_spider_hilbert_3_sides_1_open,
          nicolae_spider_hilbert_3_sides_1_open,
          nicolae_spider_hilbert_3_sides_1_open,
          nicolae_spider_hilbert_4_sides_1_open,
          nicolae_spider_hilbert_4_sides_1_open,
          nicolae_spider_hilbert_4_sides_1_open,
          nicolae_spider_hilbert_4_sides_1_open,
          nicolae_spider_hilbert_4_sides_1_open,
          nicolae_spider_hilbert_4_sides_1_open,
          nicolae_spider_hilbert_4_sides_1_open,
          nicolae_spider_hilbert_4_sides_1_open,
          nicolae_spider_hilbert_3_sides_1_open,
          nicolae_spider_hilbert_3_sides_1_open,
          nicolae_spider_hilbert_3_sides_1_open,
          nicolae_spider_hilbert_3_sides_1_open], uniq_louise
Spider:4: grunt_spider_rune_circles
Orc:1:    layout_caves, ebering_ghost_xom, minmay_orc_temple_b
Orc:2:    st_orc_town, layout_caves, uniq_azrael, uniq_sonja, uniq_saint_roka
Vaults:1: hangedman_vaults_nodes, nicolae_vaults_two_Ls,
          hangedman_vaults_cutoff, nicolae_vaults_shrinking_rooms_2,
          ontoclasm_vaults_twist, hangedman_vaults_maws,
          nicolae_vaults_alarming, vaults_mumra_hex, vaults_dpeg_hooks,
          nicolae_vaults_house_2, nicolae_vaults_house_2,
          layout_vaults_omnicross
Vaults:2: portal_desolation_entry_twin_temple, vaults_dpeg_diagonal,
          minmay_crypt_entry_skeletal_spiral, vaults_standard_mumra_lines,
          vaults_room_mumra_shop_pool, vaults_room_pools,
          nicolae_vaults_storage_closets_1, nicolae_vaults_spaceships,
          nicolae_vaults_house_1, nicolae_vaults_asterisk,
          nicolae_vaults_tetromino_T_2, layout_vaults_chaotic_city, uniq_margery
Vaults:3: v_misc_25, nicolae_vaults_trapezoid_4, v_alt_pattern_3,
          nicolae_vaults_sightless_eye, v_pattern_2,
          nicolae_vaults_layer_cake_slice, v_misc_14,
          nicolae_vaults_heart-shaped_vault, v_misc_28,
          nicolae_vaults_steering_wheel, vaults_dpeg_ring,
          nicolae_vaults_storage_closets_3, nicolae_vaults_tetromino_L_2,
          ontoclasm_vaults_shuriken, layout_vaults_maze
Vaults:4: infiniplex_enter_wizlab_spiral, nicolae_vaults_branching_niches,
          vaults_room_door_hall, v_rooms_5, nicolae_vaults_turnstiles,
          hangedman_vaults_slither, nicolae_vaults_offset_grid_hallway_1,
          hangedman_vaults_restitches, dpeg_vaults_monster_box, v_alt_pattern_1,
          nicolae_vaults_swerve, ontoclasm_vaults_loading_screen,
          layout_vaults_omnibox, serial_shops, shop_statue, uniq_sojobo
Vaults:5: serial_shops, uniq_frederick
Depths:1: layout_cave_shapes, hellmonk_okawaru_the_only_friend_you_need,
          grunt_hell_entry_dis_grunt, rand_demon_pan_entry_4,
          hangedman_abyss_or_decor_stagger, grunt_ministairs_11,
          nicolae_qazlal_style_of_elements
Depths:2: hangedman_cross_stitches, layout_small_grid, hell_entry, serial_shops,
          kennysheep_little_box, nicolae_uskayaw_murder_on_the_dancefloor,
          rand_demon_pan_entry_7, infiniplex_staircase_zigzag_4,
          minmay_shoptagon, uniq_josephina
Depths:3: grunt_forest_end_winery, layout_gridville, enter_ziggurat_a,
          kiku_gazebo_pond_becter, abyss_entry, hell_entry,
          minmay_staircase_statues
Depths:4: grunt_zot_entry_alcove, layout_basic, hell_entry, hex_medium
Zot:1:    layout_onion_interference
Zot:2:    layout_gridlike, ebering_ghost_xom, skrybe_zot_glass_3, uniq_parghit
Zot:3:    layout_onion, st_large_dragon_hoard_3, grunt_megastairs_2
Zot:4:    layout_misc_corridors, grunt_ministairs_11, zot_minivault_7
Zot:5:    layout_basic, gammafunk_ghost_split

Skill      XL: |  1  2  3  4  5  6  7  8  9 10 11 12 13 14 15 16 17 18 19 20 21 22 23 24 25 26 27 |
---------------+----------------------------------------------------------------------------------+-----
Dodging        | 3 4 5 6 7 9 10 11 12 13 14 15 16 17 18 19 20 21 22 23 | 23.5
Polearms       | 1 2 3 4 5 7 8 9 10 12 13 | 13.9
Fighting       | 1 2 3 4 5 6 7 9 10 11 12 13 14 15 16 17 18 19 20 | 20.1
Spellcasting   | 3 4 5 6 7 8 9 10 11 12 13 14 15 16 17 | 17.3
Ice Magic      | 1 3 5 7 8 10 12 13 14 16 17 18 20 21 22 23 24 | 24.9
Conjurations   | 4 5 6 |  6.8
Translocations | 1 |  1.4
Shields        | 2 4 6 7 9 11 12 14 15 16 18 | 18.8
Stealth        | 3 6 8 10 11 12 13 14 15 16 17 18 | 18.5
Evocations     | 2 5 6 8 9 10 11 12 13 | 13.0
Transmutations | 4 |  4.1

Action                     |  1- 3 |  4- 6 |  7- 9 | 10-12 | 13-15 | 16-18 | 19-21 | 22-24 | 25-27 || total
---------------------------+-------+-------+-------+-------+-------+-------+-------+-------+-------++-------
  Melee: Spear             |    53 |    43 |   151 |   258 |       |       |       |       |       ||   505
         Unarmed           |     1 |       |       |       |       |       |       |       |       ||     1
         Punch             |       |       |     1 |     4 |     3 |       |       |       |       ||     8
         Tailslap          |       |       |       |     3 |       |     5 |       |       |       ||     8
         Trident           |       |       |       |    95 |   333 |    24 |       |       |       ||   452
         Staff             |       |       |       |       |    42 |    90 |   138 |    42 |    21 ||   333
         Dagger            |       |       |       |       |     2 |     7 |     9 |    11 |    12 ||    41
         Demon trident     |       |       |       |       |       |    89 |   249 |   175 |   222 ||   735
  Throw: Dart              |       |     2 |    13 |     3 |       |       |       |       |       ||    18
         Throwing net      |       |       |     2 |       |       |       |       |       |       ||     2
         Boomerang         |       |       |       |       |       |     1 |     1 |       |       ||     2
   Cast: Magic Dart        |    52 |     6 |    87 |    30 |    15 |     7 |     4 |     8 |     1 ||   210
         Searing Ray       |     4 |    18 |    50 |    29 |     1 |       |       |       |       ||   102
         Ensorcelled Hiber |       |     2 |    10 |     2 |       |       |       |       |       ||    14
         Freeze            |       |       |    16 |    24 |    21 |    12 |     7 |     6 |     1 ||    87
         Hailstorm         |       |       |    12 |    52 |    22 |    60 |    32 |    51 |    27 ||   256
         Stone Arrow       |       |       |     9 |    14 |    88 |    94 |    80 |    93 |   127 ||   505
         Frozen Ramparts   |       |       |       |    56 |    53 |    33 |    41 |    26 |    22 ||   231
         Iskenderun's Myst |       |       |       |    11 |    15 |     6 |     9 |    11 |     6 ||    58
         Ozocubu's Refrige |       |       |       |    11 |   191 |   313 |   243 |   163 |   106 ||  1027
         Summon Ice Beast  |       |       |       |       |    37 |    22 |    12 |     4 |     2 ||    77
         Ozocubu's Armour  |       |       |       |       |    10 |    11 |    14 |    21 |    17 ||    73
         Polar Vortex      |       |       |       |       |       |     7 |    89 |    94 |    98 ||   288
         Yara's Violent Un |       |       |       |       |       |       |     3 |     1 |       ||     4
         Metabolic Englaci |       |       |       |       |       |       |       |     1 |    15 ||    16
         Simulacrum        |       |       |       |       |       |       |       |     1 |     3 ||     4
         Irradiate         |       |       |       |       |       |       |       |       |    25 ||    25
  Evoke: Wand              |       |       |     5 |     5 |     5 |     4 |     5 |     3 |    23 ||    50
         Tin of tremorston |       |       |       |       |     1 |       |     2 |       |     1 ||     4
         Phantom mirror    |       |       |       |       |       |       |     2 |     1 |     1 ||     4
         Box of beasts     |       |       |       |       |       |       |       |       |     1 ||     1
    Use: Scroll            |     1 |     3 |     8 |    13 |    15 |    13 |    15 |    11 |    12 ||    91
         Potion            |       |       |       |       |     5 |     2 |     4 |    15 |    31 ||    57
   Stab: Sleeping          |     2 |     2 |     5 |     6 |     1 |     5 |     9 |    11 |    11 ||    52
         Distracted        |       |       |     1 |     1 |     2 |     1 |     3 |       |       ||     8
 Armour: Robe              |     8 |     4 |    18 |     7 |       |       |       |       |       ||    37
         Steam dragon scal |       |       |    11 |       |       |       |       |       |       ||    11
         Ring mail         |       |       |       |     7 |       |       |       |       |       ||     7
         Troll leather arm |       |       |       |    24 |    97 |    98 |   103 |   139 |   247 ||   708
  Dodge: Dodged            |    37 |    66 |   153 |   225 |   239 |   227 |   313 |   266 |   421 ||  1947
  Block: Buckler           |       |       |       |       |    57 |   230 |   153 |       |       ||   440
         Kite shield       |       |       |       |       |    57 |       |   128 |   225 |   399 ||   809
         Reflection        |       |       |       |       |     6 |    36 |    17 |    26 |     4 ||    89

Table legend: (Time is in decaauts)
 A = Elapsed time spent in this place.
 B = Non-inter-level travel time spent in this place.
 C = Inter-level travel time spent in this place.
 D = Time resting spent in this place.
 E = Time spent auto-exploring this place.
 F = Levels seen in this place.
 G = Mean time per level.
                   A        B        C        D        E       F      G
               +--------+--------+--------+--------+--------+-----+--------+
         Total |  74316 |  66791 |   7525 |  23785 |  20920 |  47 | 1581.2 |
       Dungeon |  22927 |  19310 |   3617 |   5710 |   7752 |  15 | 1528.5 |
        Temple |     69 |     56 |     13 |      0 |     40 |   1 |   69.0 |
          Lair |   9091 |   7896 |   1195 |   2457 |   2683 |   5 | 1818.2 |
        Shoals |   6374 |   6149 |    225 |   3147 |   1221 |   4 | 1593.5 |
   Spider Nest |   9780 |   9065 |    715 |   4676 |   1560 |   4 | 2445.0 |
  Orcish Mines |   2810 |   2654 |    156 |   1215 |    546 |   2 | 1405.0 |
        Vaults |   8935 |   8583 |    352 |   2469 |   3164 |   5 | 1787.0 |
        Depths |   5910 |   5353 |    557 |   1663 |   1843 |   4 | 1477.5 |
           Zot |   7725 |   7034 |    691 |   2151 |   2079 |   5 | 1545.0 |
        Bailey |    664 |    664 |      0 |    295 |     31 |   1 |  664.0 |
        Wizlab |     27 |     27 |      0 |      0 |      0 |   1 |   27.0 |
               +--------+--------+--------+--------+--------+-----+--------+

Top non-repeatable levels by time:
Spider:1: 3055 daAuts
  Lair:4: 2893 daAuts
Spider:4: 2698 daAuts
     D:9: 2671 daAuts
Spider:3: 2470 daAuts
   Zot:5: 2325 daAuts
     D:5: 2226 daAuts
     D:6: 2176 daAuts
Vaults:4: 2158 daAuts
Vaults:2: 2076 daAuts
  Lair:5: 2036 daAuts
Depths:2: 2031 daAuts
   Orc:1: 1989 daAuts
Shoals:1: 1924 daAuts
    D:13: 1811 daAuts
